 Dungeon Crawl Stone Soup version 0.29.0 (webtiles) character file.

Game seed: 3820781195404426225

4576 Dorkslayer the Cleaver (level 10, -6/81 HPs)
             Began as a Hill Orc Fighter on Sept 17, 2022.
             Was an Initiate of Gozag.
             Mangled by an ogre
             ... wielding a +0 halberd
              (15 damage)
             ... in a bailey.
             The game lasted 00:21:27 (7395 turns).

Dorkslayer the Cleaver (Hill Orc Fighter)           Turns: 7395, Time: 00:21:28

Health: -6/81      AC: 22    Str: 25    XL:     10   Next: 41%
Magic:  1/10       EV:  9    Int:  7    God:    Gozag
Gold:   703        SH:  6    Dex: 17    Spells: 9/9 levels left

rFire   . . .      SeeInvis .   a - +1 war axe
rCold   . . .      Faith    .   c - +0 buckler
rNeg    + . .      Spirit   .   b - +8 plate armour "Aggoipp" {rPois rN+ Str+2 Dex-3}
rPois   +          Reflect  .   j - +0 helmet
rElec   .          Harm     .   A - scarf {repulsion}
rCorr   .          Rampage  .   (no gloves)
Will    .....      Clarity  +   (no boots)
Stlth   ..........              (no amulet)
HPRegen 0.23/turn               n - +6 ring of dexterity
MPRegen 0.12/turn               (no ring)

@: gold aura, repel missiles
A: agile 1, clarity, frail 1, MP-powered wands
a: Renounce Religion, Potion Petition, Call Merchant, Bribe Branch


You were in a bailey.
You worshipped Gozag.
Gozag was pleased with you.
You visited 2 branches of the dungeon, and saw 10 of its levels.
You also visited: Sewer and Bailey.

You collected 732 gold pieces.
You paid 29 gold pieces to Gozag.

Inventory:

Hand Weapons
 a - a +1 war axe (weapon)
 h - a +0 war axe
 l - a +2 hand axe of freezing
 m - a +4 trident
Missiles
 e - 13 poisoned darts (quivered)
 p - a throwing net
 s - a boomerang
 x - 2 boomerangs of dispersal
Armour
 b - the +8 plate armour "Aggoipp" (worn) {rPois rN+ Str+2 Dex-3}
   (You found it on level 4 of the Dungeon)

   Str:       It affects your strength (+2).
   Dex:       It affects your dexterity (-3).
   rPois:     It protects you from poison.
   rN:        It protects you from negative energy.
 c - a +0 buckler (worn)
 j - a +0 helmet (worn)
 A - a scarf of repulsion (worn)
Jewellery
 n - a +6 ring of dexterity (left hand)
Wands
 y - a wand of polymorph (5)
 B - a wand of light (1)
Scrolls
 i - 3 scrolls of enchant armour
 w - a scroll of enchant weapon
 C - a scroll of butterflies {unknown}
Potions
 d - 5 potions of might
 f - 2 potions of brilliance
 g - a potion of flight
 k - a potion of mutation
 o - a potion of degeneration {unknown}
 q - 3 potions of cancellation
 r - a potion of magic {unknown}
 t - 2 potions of berserk rage
 v - a potion of curing
 z - 2 potions of ambrosia {unknown}


   Skills:
 * Level 9.2 Fighting
 + Level 10.7 Axes
 + Level 0.7 Throwing
 + Level 6.9 Armour
 * Level 4.9 Dodging
 + Level 0.8 Stealth
 + Level 5.3 Shields
 * Level 4.5 Evocations


You had 9 spell levels left.
You didn't know any spells.
Your spell library contained the following spells:

 Spells                   Type           Power      Damage    Failure   Level
 Borgnjor's Vile Clutch   Necr/Erth      0%         N/A       100%        5
 Summon Forest            Summ/Tloc      0%         N/A       100%        5
 Summon Mana Viper        Hex/Summ       0%         N/A       100%        5
 Death Channel            Necr           0%         N/A       100%        6
 Summon Cactus Giant      Summ           0%         N/A       100%        6
 Animate Dead             Necr           Unusable   N/A       N/A         4

Dungeon Overview and Level Annotations

Branches:
Dungeon (9/15)             Temple (1/1) D:5           Sewer (visited)
 Bailey (1/1)
   Lair: D:8-11         Orc: D:9-12

Altars:
Ashenzari
Cheibriados
Elyvilon
Gozag
Makhleb
Nemelex Xobeh
Qazlal
Ru
Sif Muna
Trog
Xom
Yredelemnul


Innate Abilities, Weirdness & Mutations

You are agile. (Dex +4, Str/Int -1)
You possess an exceptional clarity of mind.
You are frail. (-10% HP)
You expend magic power (3 MP) to strengthen your wands.


Message History

Press: ? - help, Shift-Dir - straight line, f - ogre, p - ogre
Aim: an ogre, wielding a +0 halberd (chance to affect: 67%)
You feel a slight surge of power.
The ogre is no longer distracted by gold.
The ogre struggles to resist.
The ogre barely misses you.
Aiming: Paralyse
Press: ? - help, Shift-Dir - straight line, f/p - ogre
Aim: an ogre, wielding a +0 halberd (chance to affect: 62%)
The ogre resists with significant effort.
An ogre comes into view. It is wielding a +0 glaive.
Aiming: Paralyse
Press: ? - help, Shift-Dir - straight line, f/p - ogre
Aim: an ogre, wielding a +0 halberd (chance to affect: 61%)
The ogre resists with significant effort.
The now-empty wand crumbles to dust.
The ogre barely misses you. The ogre barely misses you.
The ogre hits you with a +0 glaive.
* * * LOW HITPOINT WARNING * * *
The ogre hits you with a +0 halberd.
* * * LOW HITPOINT WARNING * * *
You slash the ogre!
The ogre is heavily wounded.
The helpless ogre fails to defend itself.
You hit the ogre. x2; You block the ogre's attack.
You slash the ogre!
The ogre is heavily wounded.
You hit the ogre.
The helpless ogre fails to defend itself.
You slash the ogre! The ogre hits you with a +0 halberd.
* * * LOW HITPOINT WARNING * * *
The ogre hits you with a +0 glaive!
* * * LOW HITPOINT WARNING * * *
You block the ogre's attack.
You slash the ogre!
You kill the ogre!
You hear a splash.
The helpless ogre fails to defend itself.
You slash the ogre! You hit the ogre. The ogre hits you with a +0 halberd!
You die...
Your body crumbles into a pile of gold.

.♣ ♣.. ..# #..
#..♣♣#####..
#.........
#.......
#~~~~~# #~O~~~#
###~$~~~###
##....@O...##
##....$O.....##
#....∩$..∩....#
##...........##
##.........##
###.....###
#######


You could see 3 ogres.

Vanquished Creatures
  Maggie (D:7)
  The ghost of Klapaucius the Firebug, a novice DsFE (D:6)
  Sigmund (D:3)
  3 yaks (D:9)
  Menkaure (D:5)
  An acid dragon (D:9)
  4 water moccasins
  A black bear (D:5)
  4 ice beasts
  4 ogres
  A centaur (D:6)
  2 phantoms (D:6)
  A kobold brigand (D:7)
  A bullfrog (D:7)
  A gnoll sergeant (D:7)
  2 necrophages
  3 scorpions
  9 wights
  3 howler monkeys
  5 quasits (D:6)
  2 jellies (D:5)
  3 hounds
  3 orc priests (D:6)
  A gnoll bouda (D:6)
  4 iguanas
  Robin (D:2)
  7 gnolls
  5 adders
  A shadow imp (D:5)
  A white imp (D:7)
  An ufetubus (D:4)
  2 worms
  2 dart slugs
  12 orcs
  7 bats
  8 endoplasms
  A giant cockroach (D:2)
  14 goblins
  9 hobgoblins
  2 jackals (Sewer)
  3 quokkas
  6 ball pythons
  5 frilled lizards
  9 kobolds
  2 rats (D:1)
160 creatures vanquished.

Vanquished Creatures (others)
  An orc wizard (D:6)
  A bush (D:6)
2 creatures vanquished.

Grand Total: 162 creatures vanquished

Notes
Turn   | Place    | Note
-------+----------+-------------------------------------------
     0 | D:1      | Dorkslayer the Hill Orc Fighter began the quest for the
                  | Orb.
     0 | D:1      | Reached XP level 1. HP: 19/19 MP: 1/1
   124 | D:1      | Reached XP level 2. HP: 18/27 MP: 2/2
   277 | D:1      | Found a faded altar of an unknown god.
   479 | D:1      | Reached skill level 3 in Axes
   480 | D:1      | Reached XP level 3. HP: 27/33 MP: 3/3
  1134 | D:2      | Noticed Robin
  1143 | D:2      | Killed Robin
  1144 | D:2      | Reached skill level 1 in Dodging
  1600 | D:3      | Reached XP level 4. HP: 40/40 MP: 4/4
  1721 | D:3      | Noticed Sigmund
  1728 | D:3      | Gained mutation: You are frail. (-10% HP) [potion of
                  | mutation]
  1728 | D:3      | Gained mutation: You possess an exceptional clarity of
                  | mind. [potion of mutation]
  1728 | D:3      | Gained mutation: You are agile. (Dex +4, Str/Int -1)
                  | [potion of mutation]
  1728 | D:3      | Gained mutation: You expend magic power (3 MP) to
                  | strengthen your wands. [potion of mutation]
  1745 | D:3      | Killed Sigmund
  1746 | D:3      | Reached skill level 4 in Axes
  1746 | D:3      | Reached XP level 5. HP: 11/42 MP: 5/5
  2095 | D:3      | Reached skill level 5 in Axes
  2095 | D:3      | Reached XP level 6. HP: 47/47 MP: 6/6
  2724 | D:4      | Reached skill level 5 in Fighting
  2884 | D:4      | Identified the +8 plate armour "Aggoipp" {rPois rN+ Str+2
                  | Dex-3}
  3341 | D:5      | Entered Level 5 of the Dungeon
  3350 | D:5      | Noticed Menkaure
  3359 | D:5      | Killed Menkaure
  3360 | D:5      | Reached skill level 6 in Axes
  3360 | D:5      | Reached XP level 7. HP: 38/54 MP: 7/7
  3421 | D:5      | Found a basalt altar of Yredelemnul.
  3492 | D:5      | Found a glowing drain.
  3501 | Sewer    | Entered a sewer
  3731 | Sewer    | Reached skill level 7 in Axes
  4172 | D:5      | Found a staircase to the Ecumenical Temple.
  4184 | Temple   | Entered the Ecumenical Temple
  4197 | Temple   | Became a worshipper of Gozag Ym Sagoz the Greedy
  4320 | D:5      | Reached skill level 5 in Armour
  4320 | D:5      | Reached XP level 8. HP: 63/63 MP: 8/8
  4500 | D:5      | Reached skill level 1 in Evocations
  4979 | D:6      | Reached skill level 8 in Axes
  5045 | D:6      | Reached XP level 9. HP: 34/71 MP: 9/9
  5707 | D:6      | Found a transporter.
  5711 | D:6      | Noticed Klapaucius's ghost (novice DsFE)
  5754 | D:6      | Found a transporter.
  5931 | D:6      | Reached skill level 9 in Axes
  5977 | D:6      | Killed Klapaucius's ghost
  6188 | D:7      | Reached skill level 5 in Shields
  6265 | D:7      | Noticed Maggie
  6289 | D:7      | Killed Maggie
  6290 | D:7      | Reached skill level 10 in Axes
  6290 | D:7      | Reached XP level 10. HP: 43/81 MP: 10/10
  6306 | D:7      | Found a sacrificial altar of Ru.
  6309 | D:7      | Found a burning altar of Makhleb.
  6698 | D:7      | Found a shimmering blue altar of Sif Muna.
  6701 | D:7      | Found a sparkling altar of Nemelex Xobeh.
  6703 | D:7      | Found a white marble altar of Elyvilon.
  7100 | D:7      | You fall into a shaft and drop 2 floors!
  7358 | D:8      | Found a flagged portal.
  7366 | Bailey   | Entered a bailey
  7395 | Bailey   | Mangled by an ogre

Illustrated notes

Levels and vault maps discovered:
D:1:      dpeg_arrival_three_same_balls, layout_basic,
          shapermc_ecumenical_altar_totnotflames, minmay_cut_off
D:2:      layout_loops_cross, hangedman_decor_points, uniq_robin
D:3:      layout_basic, uniq_sigmund
D:4:      kennysheep_the_goblin_king, layout_cave_pods
D:5:      layout_gridville, mainiacjoe_overflow_tiny_flanked,
          minmay_temple_entry_poolview, cheibrodos_sewer_entry_bend,
          kennysheep_nub, uniq_menkaure
D:6:      layout_basic, gammafunk_ghost_stat_death, kb_lookout_dungeons_type,
          minmay_tree_intersection, minmay_diced_spiral
D:7:      layout_loops_ring, nicolae_overflow_hidden_temple,
          corexii_leaking_fountain, uniq_maggie
D:8:      gammafunk_the_bubble [the_bubble_gammafunk_crates], layout_rooms,
          grunt_temple_overflow_diamond, enter_bailey_4, minmay_misc_feat_chi
D:9:      layout_small_grid, erik_orc_2, serial_ice, serial_ice_d, serial_ice_b,
          serial_ice_g, serial_ice_m, hangedman_decor_growths
Temple:   hellmonk_temple_forest_ring
Bailey:   bailey_polearm_enchanted_keep_hellmonk, bailey

Skill      XL: |  1  2  3  4  5  6  7  8  9 10 |
---------------+-------------------------------+-----
Fighting       | 4 5 6 7 8 9 |  9.2
Axes           | 3 4 5 6 7 8 10 | 10.7
Dodging        | 1 2 3 4 |  4.9
Armour         | 4 5 6 |  6.9
Shields        | 4 5 |  5.3
Evocations     | 2 4 |  4.5
Throwing       | |  0.7
Stealth        | |  0.8

Action                   |  1- 3 |  4- 6 |  7- 9 | 10-12 || total
-------------------------+-------+-------+-------+-------++-------
Melee: War axe           |    98 |    95 |   259 |    96 ||   548
Throw: Dart              |       |     2 |     6 |     2 ||    10
Evoke: Wand              |       |       |    10 |     6 ||    16
  Use: Scroll            |     3 |     3 |     3 |     3 ||    12
       Potion            |       |     3 |     1 |       ||     4
 Stab: Distracted        |       |       |     1 |       ||     1
       Paralysed         |       |       |       |     3 ||     3
Armor: Scale mail        |    51 |    24 |       |       ||    75
       Plate armour      |       |    29 |   279 |    47 ||   355
Dodge: Dodged            |    58 |    36 |   137 |    29 ||   260
Block: Buckler           |    24 |    26 |    76 |    43 ||   169
